 Dungeon Crawl Stone Soup version 0.22.0-49-gab54619 (webtiles) character file.

1913 Fuodd the Cleaver (level 8, 0/63 HPs)
             Began as a Demonspawn Chaos Knight on Sept 8, 2018.
             Slain by a hog (5 damage)
             ... on level 7 of the Dungeon.
             The game lasted 00:50:01 (8342 turns).

Fuodd the Cleaver (Demonspawn Chaos Knight)         Turns: 8342, Time: 00:50:02

Health: 0/63       AC: 10    Str: 15    XL:     8   Next: 95%
Magic:  8/8        EV: 13    Int: 13    God:    Xom [*.....]
Gold:   391        SH:  0    Dex: 15    Spells: 7/7 levels left

rFire    . . .     SeeInvis .   i - +0 battleaxe (chop)
rCold    + . .     Gourm    .   (shield currently unavailable)
rNeg     . . .     Faith    .   b - +2 leather armour
rPois    .         Spirit   .   (no helmet)
rElec    .         Reflect  .   g - scarf {cloud immunity}
rCorr    .         Harm     .   e - +1 pair of gloves
MR       .....                  (no boots)
Stlth    +++.......             D - amulet of magic regeneration
HPRegen  0.20/turn              t - ring of flight
MPRegen  0.36/turn              x - ring of stealth

@: no status effects
A: claws 1, talons 2, iridescent scales 2, agile 1, cold resistance 1, deformed
body, demonic guardian 1, deterioration 1, screaming 1
a: Renounce Religion, Evoke Flight


You were on level 7 of the Dungeon.
You worshipped Xom.
You were a special plaything of Xom.
You were near starving.

You visited 2 branches of the dungeon, and saw 8 of its levels.
You also visited: Sewer.

You collected 391 gold pieces.

Inventory:

Hand Weapons
 a - a +1 hand axe of chaos
 i - a +0 battleaxe of chopping (weapon)
Armour
 b - a +2 leather armour (worn)
 e - a +1 pair of gloves (worn)
 g - a scarf of cloud immunity (worn)
 w - a +0 buckler
 z - a +0 plate armour
Jewellery
 t - a ring of flight (left hand)
 x - a ring of stealth (right hand)
 D - an amulet of magic regeneration (around neck)
 F - a cursed amulet of inaccuracy {unknown}
Wands
 p - a wand of polymorph (9)
 v - a wand of iceblast (6)
 y - a wand of scattershot (7)
 C - a wand of flame (27)
Scrolls
 h - a scroll of identify
 k - a scroll of enchant armour
 l - 7 scrolls of teleportation
 m - a scroll of fog {unknown}
 n - a scroll of blinking
 o - a scroll of magic mapping
 B - a scroll of enchant weapon
 E - a scroll of summoning
 H - a scroll of remove curse
Potions
 d - 2 potions of curing
 f - 2 potions of might
 j - a potion of heal wounds
 q - a potion of berserk rage
 r - a potion of mutation
 s - a potion of haste
 u - 3 potions of magic
 A - 2 potions of brilliance
 G - a potion of degeneration
Comestibles
 c - 9 rations


   Skills:
 + Level 5.4 Fighting
 + Level 8.0 Axes
 + Level 3.6 Armour
 + Level 3.7 Dodging
 + Level 3.7 Stealth
 + Level 0.9 Shields
 + Level 0.1 Evocations


You had 7 spell levels left.
You didn't know any spells.
Your spell library contained the following spells:

 Spells                   Type           Power        Failure   Level  Hunger
 Corona                   Hex            #......      36%         1    ##.....
 Summon Small Mammal      Summ           #...         36%         1    ##.....
 Call Imp                 Summ           #.......     50%         2    ###....
 Ensorcelled Hibernation  Hex/Ice        #.....       50%         2    ###....
 Call Canine Familiar     Summ           #.......     75%         3    ####...
 Confuse                  Hex            #.......     75%         3    ####...
 Dazzling Spray           Conj/Hex       #.....       75%         3    ####...
 Summon Guardian Golem    Hex/Summ       #.......     75%         3    ####...
 Tukima's Dance           Hex            #.......     75%         3    ####...
 Summon Ice Beast         Ice/Summ       #.......     98%         4    #####..
 Summon Lightning Spire   Summ/Air       #.......     98%         4    #####..


Dungeon Overview and Level Annotations

Branches:
Dungeon (7/15)             Temple (1/1) D:7

Altars:
Ashenzari
Cheibriados
Dithmenos
Elyvilon
Fedhas
Gozag
Kikubaaqudgha
Makhleb
Nemelex Xobeh
Okawaru
Qazlal
Ru
Trog
Uskayaw
Vehumet
Wu Jian
Yredelemnul
Zin
The Shining One

Shops:
D:5 (


Innate Abilities, Weirdness & Mutations

You have razor-sharp toenails.
You are mostly covered in iridescent scales. (AC +4)
Your flesh is cold resistant. (rC+)
A weak demonic guardian rushes to your aid.
You have sharp fingernails.
You are agile. (Dex +2)
Armour fits poorly on your strangely shaped body.
Your body sometimes deteriorates upon taking damage.
You occasionally shout uncontrollably at your foes.


Message History

You hit the yak. The yak closely misses you.
Your shadow imp hits the human but does no damage.
The yak gores you but does no damage.
The human barely misses your shadow imp.
The human hits you but does no damage.
Your shadow imp barely misses the human.
You hit the human.
The human is almost dead.
You hit the yak but do no damage. The yak gores you!
* * * LOW HITPOINT WARNING * * *
The human hits you with a hand axe.
* * * LOW HITPOINT WARNING * * *
The human hits your shadow imp with a hand axe.
Your shadow imp dies!
You closely miss the human. You claw the human.
You kill the human!
Your Axes skill increases to level 8!
You hit the yak but do no damage. The yak barely misses you. The hog bites you.
You die...
Xom guffaws!

..#..#..#..........#
###..#.....#.####.##
###..#..#..#.##...#
.(....<.#....##.###
#.....#####..##.#
#.#.#.. .###.#
#.#.###. #####.#
#.#. .. ##.#######
#. .# #..5@h.%%# ..
.# #..#†Y..%# #
#.####'###
....#.....#
######.....# #######


You could see a yak, a hog and a friendly white imp.

Vanquished Creatures
  2 hogs (D:7)
  A human (D:7)
  2 phantoms
  A necrophage (D:6)
  2 centaurs
  A bullfrog (D:6)
  2 scorpions
  A crimson imp (D:6)
  A centaur zombie (D:7)
  A hound (D:5)
  2 orc priests
  An orc wizard (D:6)
  6 worker ants
  A hound zombie (D:5)
  A worker ant zombie (D:5)
  11 gnolls
  11 adders
  A shadow imp (D:7)
  5 oozes
  An adder skeleton (D:4)
  5 worms
  A dart slug (D:2)
  6 leopard geckos
  11 orcs
  6 ball pythons
  7 giant cockroaches
  8 goblins
  5 hobgoblins
  14 jackals
  12 kobolds
  A quokka (D:2)
  9 bats
  11 frilled lizards
  A jackal zombie (D:5)
  A quokka skeleton (D:4)
  8 rats
  8 plants (Sewer)
168 creatures vanquished.

Vanquished Creatures (collateral kills)
  An ogre (D:6)
  A centaur (D:6)
  A bullfrog (D:7)
  A crimson imp (D:5)
  A quasit (D:7)
  A hound (D:5)
  An iguana (D:4)
  An adder (D:4)
  2 orcs (D:3)
  A plant (Sewer)
11 creatures vanquished.

Vanquished Creatures (others)
  A hobgoblin (D:3)
  3 withered plants (D:7)
4 creatures vanquished.

Grand Total: 183 creatures vanquished

Notes
Turn   | Place    | Note
-------+----------+-------------------------------------------
     0 | D:1      | Fuodd the Demonspawn Chaos Knight began the quest for the
                  | Orb.
     0 | D:1      | Reached XP level 1. HP: 18/18 MP: 1/1
    32 | D:1      | XOM: butterfly on damage
   243 | D:1      | XOM: harmless Hex miscast
   385 | D:1      | Reached skill level 1 in Dodging
   417 | D:1      | Reached skill level 3 in Axes
   417 | D:1      | Gained mutation: A weak demonic guardian rushes to your
                  | aid. [demonic ancestry]
   417 | D:1      | Reached XP level 2. HP: 21/24 MP: 2/2
   946 | D:1      | XOM: divination: detect items
  1125 | D:2      | XOM: butterfly on damage
  1129 | D:2      | Gained mutation: Your flesh is cold resistant. (rC+)
                  | [demonic ancestry]
  1129 | D:2      | Reached XP level 3. HP: 4/29 MP: 3/3
  1390 | D:2      | XOM: give mutations
  1390 | D:2      | Gained mutation: You are agile. (Dex +2) [Xom's mischief]
  1390 | D:2      | Gained mutation: You are frail. (-10% HP) [Xom's mischief]
  1390 | D:2      | Gained mutation: You have sharp fingernails. [Xom's
                  | mischief]
  1581 | D:2      | XOM: give mutations
  1581 | D:2      | Gained mutation: You occasionally shout uncontrollably at
                  | your foes. [Xom's mischief]
  1581 | D:2      | Lost mutation: You are frail. (-10% HP) [Xom's mischief]
  1581 | D:2      | Gained mutation: Your body sometimes deteriorates upon
                  | taking damage. [Xom's mischief]
  1728 | D:2      | XOM: 3-stop teleportation journey
  1767 | D:2      | XOM: mild Air miscast
  1856 | D:2      | XOM: cloud trail
  2051 | D:2      | XOM: divination: detect creatures
  2265 | D:3      | Gained mutation: You have sharp toenails. [demonic
                  | ancestry]
  2265 | D:3      | Reached XP level 4. HP: 35/35 MP: 4/4
  2266 | D:3      | Reached skill level 1 in Stealth
  2562 | D:3      | Reached skill level 4 in Axes
  2562 | D:3      | Gained mutation: You are partially covered in iridescent
                  | scales. (AC +2) [demonic ancestry]
  2562 | D:3      | Reached XP level 5. HP: 40/42 MP: 5/5
  2594 | D:2      | XOM: harmless Hex miscast
  2929 | D:3      | Gained mutation: You are mostly covered in iridescent
                  | scales. (AC +4) [demonic ancestry]
  2929 | D:3      | Reached XP level 6. HP: 14/48 MP: 6/6
  3410 | D:3      | XOM: 5-stop teleportation journey
  3633 | D:4      | XOM: god gift: scale mail {god gift}
  3772 | D:4      | Found a glowing drain.
  3791 | Sewer    | Entered a sewer
  4691 | D:4      | XOM: god gift: scroll labeled TERE CUSSOS {god gift}
  4849 | D:4      | XOM: harmless Conj miscast
  4857 | D:4      | Reached skill level 5 in Axes
  5314 | D:4      | XOM: harmless Tmut miscast
  5315 | D:4      | XOM: mild Necr miscast
  5529 | D:5      | Entered Level 5 of the Dungeon
  5535 | D:5      | Gained mutation: You have razor-sharp toenails. [demonic
                  | ancestry]
  5535 | D:5      | Reached XP level 7. HP: 49/53 MP: 7/7
  5684 | D:5      | Found a glowing golden altar of the Shining One.
  5831 | D:5      | Identified a scroll of acquirement
  5906 | D:5      | XOM: fog
  6201 | D:5      | Found Egyt's Weapon Shoppe.
  6208 | D:5      | Reached skill level 6 in Axes
  6352 | D:5      | Found a glowing silver altar of Zin.
  6621 | D:6      | Reached XP level 8. HP: 58/58 MP: 8/8
  6710 | D:6      | Found a glowing golden altar of the Shining One.
  7148 | D:6      | Reached skill level 7 in Axes
  7300 | D:6      | XOM: harmless Hex miscast
  7577 | D:6      | XOM: harmless Summ miscast
  7792 | D:7      | Reached skill level 5 in Fighting
  7829 | D:7      | Noticed a hippogriff
  7920 | D:7      | Found a shadowy altar of Dithmenos.
  7952 | D:7      | XOM: summons 2 hostile shadow creatures
  7993 | D:7      | Found a staircase to the Ecumenical Temple.
  7994 | D:7      | XOM: confusion (+ monsters)
  8034 | D:7      | XOM: give mutation
  8034 | D:7      | Gained mutation: Armour fits poorly on your strangely
                  | shaped body. [Xom's mischief]
  8075 | Temple   | Entered the Ecumenical Temple
  8342 | D:7      | Reached skill level 8 in Axes
  8342 | D:7      | Slain by a hog

Skill      XL: |  1  2  3  4  5  6  7  8 |
---------------+-------------------------+-----
Dodging        | 1 2 3 |  3.7
Axes           | 3 4 5 6 8 |  8.0
Armour         | 2 3 |  3.6
Stealth        | 1 2 3 |  3.7
Fighting       | 4 5 |  5.4
Shields        | |  0.9
Evocations     | |  0.1

Action                   |  1- 3 |  4- 6 |  7- 9 || total
-------------------------+-------+-------+-------++-------
Melee: Hand axe          |   131 |   350 |    15 ||   496
       Kick              |       |   101 |    48 ||   149
       Unarmed           |       |     1 |       ||     1
       War axe           |       |       |   117 ||   117
       Battleaxe         |       |       |    35 ||    35
 Abil: Evoke Flight      |       |     1 |       ||     1
  Use: Scroll            |       |    10 |    11 ||    21
       Potion            |       |       |     1 ||     1
 Stab: Confused          |     1 |       |       ||     1
       Petrified         |     6 |       |       ||     6
       Paralysed         |     2 |     1 |       ||     3
       Petrifying        |     1 |       |       ||     1
       Sleeping          |       |     4 |     7 ||    11
  Eat: Ration            |     1 |       |       ||     1
       Chunk             |       |    12 |     8 ||    20
Armor: Leather armour    |    45 |    95 |    76 ||   216
Dodge: Dodged            |    87 |   164 |   107 ||   358
Block: Buckler           |       |     2 |    19 ||    21
